 Dungeon Crawl Stone Soup version 0.17-a0-1910-g4c791fa (webtiles) character file.

60 DecibelRebel the Changer (level 4, 0/32 HPs)
             Began as a Merfolk Transmuter on Sept 25, 2015.
             Succumbed to an adder's poison
             ... on level 2 of the Dungeon.
             The game lasted 00:07:11 (2020 turns).

DecibelRebel the Changer (Merfolk Transmuter)       Turns: 2020, Time: 00:07:11

Health: 0/32       AC:  3    Str: 10      XL:     4   Next: 6%
Magic:  7/7        EV: 13    Int: 11 (12) God:
Gold:   74         SH:  0    Dex: 15      Spells: 2 memorised, 3 levels left

rFire  . . .     SeeInvis .       - Unarmed
rCold  . . .     Clarity  .     b - +0 robe
rNeg   . . .     SustAt   .     (no shield)
rPois  .         Gourm    .     (no helmet)
rElec  .         Spirit   .     i - +0 cloak (curse)
rCorr  .         Warding  .     (no gloves)
rMut   .         Stasis   .     (no boots)
MR     .....                    (no amulet)
Stlth  +.........               (no ring)
                                (no ring)

@: lethally poisoned (0 -> -18), not resistant to hostile enchantments, very
unstealthy
A: change form in water, swift swim
a: no special abilities


You were on level 2 of the Dungeon.
You were not hungry.

You visited 1 branch of the dungeon, and saw 2 of its levels.

You collected 74 gold pieces.

Inventory:

Missiles
 a - 59 arrows
 n - 14 poisoned arrows
Armour
 b - a +0 robe (worn)
 i - a cursed +0 cloak (worn)
Jewellery
 l - an uncursed amulet of resist mutation {unknown}
Scrolls
 e - a scroll of teleportation {unknown}
 f - a scroll of magic mapping {unknown}
 j - a scroll of remove curse {unknown}
Potions
 g - a potion of brilliance {unknown}
 h - a potion of ambrosia {unknown}
 k - a potion of might {unknown}
Books
 c - a book of Changes

   Spells                             Type                      Level
   a - Beastly Appendage              Transmutation                1
   b - Sticks to Snakes               Transmutation                2
   c - Spider Form                    Transmutation/Poison         3
   d - Ice Form                       Ice/Transmutation            4
   e - Blade Hands                    Transmutation                5
Comestibles
 d - 2 bread rations


   Skills:
 - Level 1.1 Fighting
 - Level 3.1 Dodging
 - Level 4.0 Unarmed Combat
 - Level 2.0 Spellcasting
 * Level 4.6 Transmutations


You had 3 spell levels left.
You knew the following spells:

 Your Spells              Type           Power        Failure   Level  Hunger
a - Beastly Appendage     Trmt           ##....       4%          1    ##.....
b - Spider Form           Trmt/Pois      #.........   38%         3    ####...


Dungeon Overview and Level Annotations

Branches:
Dungeon (2/15)

Altars:
Vehumet


Message History

You are more poisoned.
The adder poisons you! The worm barely misses you.
The adder closely misses you.
You barely miss the adder.
The adder is almost dead.
You feel sick. The adder bites you.
You are lethally poisoned!
The adder poisons you!
You closely miss the adder.
The adder is almost dead.
You feel sick. The adder bites you.
* * * LOW HITPOINT WARNING * * *
You are more poisoned.
The adder poisons you! The worm bites you!
* * * LOW HITPOINT WARNING * * *
Drink which item? (? for menu, Esc to quit)
It was a potion of degeneration.
There was something very wrong with that liquid.
You feel dopey.
You die...

#..<....##.# ######
#.#.....##.#
......#######.#.....#...
............#.#.....#...
............#.#.....#...
........(...#.#.....#...
............#.#.....#...
......S.......#.....#...
......w@......####'#####
..............##..†.....
..............##..)÷....
............#.##........
.##########.# ##........
#.# #........
############.# #........
#............# #........
#.############ ###.###..


You could see a worm and an adder.

Vanquished Creatures
  2 oozes
  4 worms (D:2)
  A ball python (D:1)
  5 bats
  2 giant cockroaches
  7 goblins
  4 hobgoblins (D:1)
  3 giant newts
  4 jackals (D:2)
  5 kobolds
  8 rats
45 creatures vanquished.

Notes
Turn   | Place    | Note
--------------------------------------------------------------
     0 | D:1      | DecibelRebel the Merfolk Transmuter began the quest for the Orb.
     0 | D:1      | Reached XP level 1. HP: 15/15 MP: 3/3
   285 | D:1      | Reached XP level 2. HP: 21/21 MP: 3/5
   819 | D:1      | Reached XP level 3. HP: 4/26 MP: 6/6
  1171 | D:1      | Learned a level 3 spell: Spider Form
  1238 | D:2      | Upgraded the game from 0.17-a0-1909-g0b14330 to 0.17-a0-1910-g4c791fa
  1397 | D:2      | Reached skill level 4 in Transmutations
  1731 | D:2      | Found a radiant altar of Vehumet.
  1918 | D:2      | Reached XP level 4. HP: 32/32 MP: 7/7
  2020 | D:2      | Succumbed to an adder's poison

Vault maps used:
D:1:      dpeg_arrival_arbitrary_c, minmay_misc_feat_ornament,
          kennysheep_doodads, minmay_quantized
D:2:      vehumet_crystals

Action                   |  1- 3 |  4- 6 || total
-------------------------+-------+-------++-------
Melee: Unarmed           |   131 |    20 ||   151
 Cast: Beastly Appendage |     6 |       ||     6
       Spider Form       |     2 |       ||     2
  Use: Potion            |     1 |     1 ||     2
 Stab: Sleeping          |     4 |       ||     4
  Eat: Chunk             |     3 |     1 ||     4
